 Dungeon Crawl Stone Soup version 0.31.0-11-ge490571c62 (webtiles) character file.

Game seed: 4089611314764974400

77 hikkokomori the Apothecary (level 4, -1/25 HPs)
             Began as a Gargoyle Alchemist on Jan 29, 2024.
             Slain by an orc
             ... wielding a +0 falchion
              (6 damage)
             ... on level 3 of the Dungeon.
             The game lasted 00:03:01 (2324 turns).

hikkokomori the Apothecary (Gargoyle Alchemist)     Turns: 2324, Time: 00:03:04

Health: -1/25      AC:  5    Str: 12    XL:     4   Next: 33%
Magic:  2/7        EV: 11    Int: 17    God:
Gold:   129        SH:  0    Dex: 10    Spells: 4/8 levels left

rFire   . . .        i - +0 rapier
rCold   . . .        (no shield)
rNeg    + . .        a - +0 robe
rPois   ∞            (no helmet)
rElec   +            (no cloak)
rCorr   .            (no gloves)
SInv    .            (no boots)
Will    .....        (no amulet)
Stlth   ++           (no ring)
HPRegen 0.24/turn    (no ring)
MPRegen 0.10/turn

%: no passive effects
@: no status effects
A: sickness immunity, AC +3, negative energy resistance 1, electricity
resistance, torment resistance 1, petrification resistance
a: no special abilities


You were on level 3 of the Dungeon.
You visited 1 branch of the dungeon, and saw 3 of its levels.

You collected 129 gold pieces.

Inventory:

Hand Weapons
 e - a +0 club
 i - a +0 rapier (weapon)
Armour
 a - a +0 robe (worn)
Jewellery
 h - an amulet of regeneration
Scrolls
 d - a scroll of teleportation {unknown}
 f - a scroll of enchant armour
 k - 2 scrolls of amnesia
Potions
 b - a potion of magic
 g - a potion of resistance
 j - 2 potions of curing


   Skills:
 + Level 1.5 Fighting
 - Level 1.5 Dodging
 - Level 2.6 Stealth
 + Level 2.5 Spellcasting
 + Level 2.2 Conjurations
 + Level 0.5 Air Magic
 + Level 2.8 Alchemy


You had 4 spell levels left.
You knew the following spells:

 Your Spells              Type           Power      Damage    Failure   Level
a - Sting                 Conj/Alch      40%        1d5       7%          1
b - Mephitic Cloud        Conj/Alch/Air  8%         N/A       26%         3

Your spell library contained the following spells:

 Spells                   Type           Power      Damage    Failure   Level
 Mercury Vapours          Alch/Air       14%        N/A       14%         2
 Olgreb's Toxic Radiance  Alch           11%        N/A       50%         4
 Sticky Flame             Fire/Alch      6%         2d4       71%         4


Dungeon Overview and Level Annotations

Branches:
Dungeon (3/15)

Altars:


Innate Abilities, Weirdness & Mutations

You are immune to sickness and miasma.
Your stone body is resilient. (AC +3)
You are immune to poison.
You resist negative energy. (rN+)
You are resistant to electric shocks. (rElec)
You are resistant to unholy torment.
You are immune to petrification.


Message History

The orc is severely wounded.
The rat barely misses you. The orc hits you but does no damage.
Unknown command.
Unknown command.
You closely miss the rat.
You kill the orc!
The rat barely misses you.
You closely miss the rat. The orc hits you but does no damage.
The rat barely misses you.
You hit the rat but do no damage. The orc closely misses you.
The rat closely misses you.
You barely miss the rat. The orc closely misses you. The rat misses you.
Your magical contamination has completely faded away.
You hit the rat.
The rat is heavily wounded.
The orc closely misses you. The rat barely misses you.
The orc hits you but does no damage. The rat closely misses you.
Casting: Sting (safe; 7% risk of failure)
Confirm with . or Enter, or press ? or * to list all spells.
You don't know that spell.
You hit the rat.
You kill the rat!
The orc hits you with a +0 mace.
You hit the orc.
The orc is heavily wounded.
The orc hits you with a +0 mace.
You hit the orc but do no damage.
The orc is heavily wounded.
The orc closely misses you. The orc hits you with a +0 mace.
You barely miss the orc.
The orc is heavily wounded.
The orc hits you with a +0 falchion. The orc closely misses you.
You hit the orc.
The orc is severely wounded.
The orc hits you with a +0 falchion.
* * * LOW HITPOINT WARNING * * *
The orc barely misses you. The orc hits you with a +0 mace.
* * * LOW HITPOINT WARNING * * *
The orc hits you with a +0 falchion.
You die...

####... ...
+...... #..
####... #.. ##..
#.# ##. #.# #.
#.# #+# #.
#.##.###o# #.# #.
#.....†@o###.###
#.
####.###.......#
#. #...[.......#
#. #####.#.†...#
#. #.#.....## #.
#.#......#######.
#................
#####.###########
#.#


You could see 2 orcs.

Vanquished Creatures
  2 adders (D:2)
  3 ribbon worms
  2 dart slugs (D:2)
  3 orcs (D:3)
  4 endoplasms
  A giant cockroach (D:3)
  4 goblins
  4 hobgoblins
  A quokka (D:1)
  4 ball pythons
  4 bats
  4 frilled lizards (D:1)
  3 kobolds
  8 rats
47 creatures vanquished.

Notes
Turn   | Place    | Note
-------+----------+-------------------------------------------
     0 | D:1      | hikkokomori the Gargoyle Alchemist began the quest for the
                  | Orb.
     0 | D:1      | Reached XP level 1. HP: 10/10 MP: 3/3
   217 | D:1      | Reached XP level 2. HP: 16/16 MP: 0/5
   870 | D:1      | Reached skill level 1 in Fighting
   964 | D:1      | Found a faded altar of an unknown god.
  1177 | D:2      | Reached XP level 3. HP: 20/20 MP: 0/6
  1181 | D:2      | Learned a level 3 spell: Mephitic Cloud
  1580 | D:2      | Reached XP level 4. HP: 17/25 MP: 4/7
  2324 | D:3      | Slain by an orc

Illustrated notes

Levels and vault maps discovered:
D:1:      dpeg_arrival_long_road, layout_loops_ring,
          hellmonk_ecumenical_altar_leap_of_faith
D:2:      layout_basic, nicolae_wormholes
D:3:      layout_loops_corners, trog_butcher_becter

Skill      XL: |  1  2  3 |
---------------+----------+-----
Fighting       | 1 |  1.5
Conjurations   | 2 |  2.2
Dodging        | |  1.5
Stealth        | |  2.6
Spellcasting   | |  2.5
Air Magic      | |  0.5
Alchemy        | |  2.8

Action                     |  1- 3 |  4- 6 || total
---------------------------+-------+-------++-------
  Melee: Unarmed           |     1 |       ||     1
         Club              |     5 |       ||     5
         Rapier            |    11 |    30 ||    41
   Cast: Sting             |    62 |    19 ||    81
         Mephitic Cloud    |     1 |     1 ||     2
    Use: Scroll            |       |     4 ||     4
   Stab: Confused          |     1 |       ||     1
 Armour: Robe              |    17 |    19 ||    36
  Dodge: Dodged            |    20 |    27 ||    47
